Canucks vs Flames
Created - December 5, 2024 at 19:37
Goals
|
| Canucks |
0 |
1 |
1 |
2 |
| Flames |
0 |
0 |
0 |
0 |
|
Shots
|
| Canucks |
10 |
7 |
8 |
25 |
| Flames |
9 |
7 |
5 |
21 |
|
1st period
No Goal
Penalties :
Victor Rask (Cal) for Hooking (Minor) at 0:43, Brad Marchand (Cal) for Holding (Minor) at 10:36
2nd period
1. Canucks , Jordan Eberle 12 (Yanni Gourde 12, Tyler Cuma 11) at 15:17
Penalties :
Sami Vatanen (Cal) for Interference (Minor) at 0:19, Yanni Gourde (Van) for Tripping (Minor) at 8:20
3rd period
2. Canucks , Yanni Gourde 7 (Tony DeAngelo 5) at 5:12
Penalties :
Jimmy Hayes (Cal) for Slashing (Minor) at 7:36, Erik Johnson (Cal) for Cross-checking (Minor) at 10:00
Goalie Stats
Petr Mrazek (Van), 21 saves from 21 shots - (1.000), W, 5-5-1, 60:00 minutes
Christopher Gibson (Cal), 23 saves from 25 shots - (0.920), L, 9-7-0, 60:00 minutes
Players Stats for Canucks
Player Name G A P +/- PIM S H SB GA TA FO MP PP MP PK MP
------------------------------------------------------------------------------------
Alex Goligoski 0 0 0 1 0 1 3 0 0 1 0/0 21:02 3:16 0:54
Ben Harpur 0 0 0 0 0 0 1 2 0 0 0/0 12:53 0:00 0:00
Brock Boeser 0 0 0 0 0 1 0 1 1 0 0/0 17:45 3:45 0:00
Chris Tierney 0 0 0 0 0 1 2 0 0 0 10/13 18:29 3:45 0:45
Daniel Zaar 0 0 0 0 0 2 1 0 0 0 1/1 8:10 0:00 0:00
Denis Gurianov 0 0 0 0 0 3 1 0 0 0 0/0 8:15 0:00 0:35
Gilbert Brule 0 0 0 0 0 1 0 0 1 0 1/4 8:30 0:07 0:00
J.T. Miller 0 0 0 2 0 3 3 0 2 2 2/3 21:32 6:10 1:05
Jason Spezza 0 0 0 0 0 1 0 0 0 0 0/0 12:37 0:00 0:36
Jordan Eberle 1 0 1 2 0 1 3 0 0 0 1/1 21:15 6:03 0:57
Mark Jankowski 0 0 0 0 0 1 4 0 0 0 0/0 11:07 0:00 0:00
Matt Martin 0 0 0 0 0 3 3 0 0 1 0/1 17:44 3:45 0:00
Michael Kesselring 0 0 0 0 0 0 0 0 0 0 0/0 12:37 0:00 0:00
Robert Nilsson 0 0 0 0 0 1 1 0 1 0 5/5 12:40 0:07 0:00
Tony DeAngelo 0 1 1 1 0 0 0 1 0 0 0/0 21:02 3:16 0:54
Travis Hamonic 0 0 0 1 0 1 1 2 0 1 0/0 26:05 6:39 1:05
Tyler Cuma 0 1 1 1 0 0 1 1 0 0 0/0 26:05 6:39 1:05
Yanni Gourde 1 1 2 2 2 5 2 1 1 0 11/23 20:12 6:03 0:00
Players Stats for Flames
Player Name G A P +/- PIM S H SB GA TA FO MP PP MP PK MP
------------------------------------------------------------------------------------
Anders Lee 0 0 0 -1 0 1 1 0 1 0 0/4 10:42 0:00 1:22
Brad Marchand 0 0 0 -1 2 0 4 2 0 0 2/3 19:20 0:00 4:16
Bryan Rust 0 0 0 -1 0 1 1 1 0 0 0/0 19:00 0:00 3:57
Christian Folin 0 0 0 -1 0 2 1 0 0 0 0/0 23:08 0:45 5:26
Colby Robak 0 0 0 0 0 1 1 0 0 0 0/0 17:06 0:00 4:29
David Ullstrom 0 0 0 -1 0 0 1 0 0 1 1/2 11:02 0:00 1:45
Eric Staal 0 0 0 -1 0 2 3 1 0 0 6/16 18:39 1:05 2:47
Erik Johnson 0 0 0 -1 2 0 2 0 1 2 0/0 25:38 1:14 4:35
Esa Lindell 0 0 0 -1 0 2 0 0 0 0 0/0 16:46 0:45 0:00
Jake DeBrusk 0 0 0 0 0 1 0 0 0 0 0/0 12:39 1:05 0:13
Jimmy Hayes 0 0 0 0 2 2 4 0 2 1 1/1 13:06 1:05 0:00
Kevin Labanc 0 0 0 0 0 3 1 0 0 0 1/2 12:15 0:54 0:00
Kyle Palmieri 0 0 0 -1 0 2 0 0 0 0 0/0 9:06 0:00 0:00
Patrik Berglund 0 0 0 0 0 0 2 0 0 0 6/14 18:59 0:54 5:30
Rasmus Andersson 0 0 0 0 0 1 1 1 0 0 0/0 17:06 0:00 4:29
Sami Vatanen 0 0 0 -1 2 2 2 0 1 2 0/0 20:46 1:14 0:51
Tanner Pearson 0 0 0 0 0 0 0 0 0 0 0/0 12:55 0:54 0:00
Victor Rask 0 0 0 0 2 1 0 0 0 0 3/9 11:47 0:00 0:00
3 Stars
1 - Petr Mrazek (Van)
2 - Yanni Gourde (Van)
3 - Jordan Eberle (Van)
Power Play
Canucks - 0 on 5 Attempt(s) - 0.00%
Flames - 0 on 1 Attempt(s) - 0.00%
Penalty Kill
Canucks - 1 on 1 Attempt(s) - 100.00%
- Score 0 goal in Penalty Kill
Flames - 5 on 5 Attempt(s) - 100.00%
- Score 0 goal in Penalty Kill
Team Stat
Canucks - Hits : 26 - Faceoff Wins : 31 - Blocked Shots : 8 - Penalty Minutes : 2
Flames - Hits : 24 - Faceoff Wins : 20 - Blocked Shots : 5 - Penalty Minutes : 10
Official
Referees : Garrett Rank and Steve Kozari
Linesman : Ryan Gibbons and Kyle Flemington
Game Notes
No Game Note
Finance
Level 1 -- Attendance: 6000 (100.00%) -- Ticket Income $600,000
Level 2 -- Attendance: 5000 (100.00%) -- Ticket Income $350,000
Level 3 -- Attendance: 1990 (99.50%) -- Ticket Income $79,600
Level 4 -- Attendance: 3953 (98.83%) -- Ticket Income $118,590
Luxury Box -- Attendance: 977 (97.70%) -- Ticket Income $195,400
Game was played at the Scotiabank Saddledome.
Total Attendance: 17920 (99.56%)
Total Ticket Income: $1,343,590
Other Income: $201,538
Total Income: $1,545,128
Canucks
5 vs 5 Forward
Center Left Wing Right Wing Time % Phy DF OF
1 Yanni Gourde J.T. Miller Jordan Eberle 40 1 2 2
2 Chris Tierney Matt Martin Brock Boeser 30 1 2 2
3 Robert Nilsson Mark Jankowski Jason Spezza 20 1 2 2
4 Gilbert Brule Denis Gurianov Daniel Zaar 10 1 2 2
5 vs 5 Defense
Defense Defense Time % Phy DF OF
1 Travis Hamonic Tyler Cuma 40 1 2 2
2 Alex Goligoski Tony DeAngelo 30 1 2 2
3 Ben Harpur Michael Kesselring 20 1 2 2
4 Travis Hamonic Tyler Cuma 10 1 2 2
PowerPlay Forward
Center Left Wing Right Wing Time % Phy DF OF
1 Yanni Gourde J.T. Miller Jordan Eberle 60 1 2 2
2 Chris Tierney Matt Martin Brock Boeser 40 1 2 2
PowerPlay Defense
Defense Defense Time % Phy DF OF
1 Travis Hamonic Tyler Cuma 60 1 2 2
2 Alex Goligoski Tony DeAngelo 40 1 2 2
Penalty Kill 4 Players Forward
Center Wing Time % Phy DF OF
1 J.T. Miller Jordan Eberle 60 1 2 2
2 Yanni Gourde Chris Tierney 40 1 2 2
Penalty Kill 4 Players Defense
Defense Defense Time % Phy DF OF
1 Travis Hamonic Tyler Cuma 60 1 2 2
2 Alex Goligoski Tony DeAngelo 40 1 2 2
Penalty Kill - 3 Players Forward
Forward Time % Phy DF OF
1 J.T. Miller 60 1 2 2
2 Jordan Eberle 40 1 2 2
Penalty Kill - 3 Players Defense
Defense Defense Time % Phy DF OF
1 Travis Hamonic Tyler Cuma 60 1 2 2
2 Alex Goligoski Tony DeAngelo 40 1 2 2
4 vs 4 Forward
Center Wing Time % Phy DF OF
1 J.T. Miller Jordan Eberle 60 1 2 2
2 Yanni Gourde Chris Tierney 40 1 2 2
4 vs 4 Defense
Defense Defense Time % Phy DF OF
1 Travis Hamonic Tyler Cuma 60 1 2 2
2 Alex Goligoski Tony DeAngelo 40 1 2 2
Last Minutes Offensive
Center Left Wing Right Wing Defense Defense
Yanni Gourde J.T. Miller Jordan Eberle Travis Hamonic Tyler Cuma
Last Minutes Defensive
Center Left Wing Right Wing Defense Defense
Yanni Gourde J.T. Miller Jordan Eberle Travis Hamonic Tyler Cuma
Goaltenders
Starting : Petr Mrazek
Backup : Matt Hackett
Extra Forwards
Normal : Robert Nilsson, Gilbert Brule, Jason Spezza - PP : Robert Nilsson, Gilbert Brule - PK : Jason Spezza
Extra Defensemen
Normal : Ben Harpur, Michael Kesselring, Alex Goligoski - PP : Ben Harpur - PK : Michael Kesselring, Alex Goligoski
Penalty Shots
J.T. Miller, Jordan Eberle, Yanni Gourde, Chris Tierney, Matt Martin
Custom OT Lines Forwards
J.T. Miller, Jordan Eberle, Yanni Gourde, Chris Tierney, Matt Martin, Robert Nilsson, Brock Boeser, Gilbert Brule, Jason Spezza, Mark Jankowski
Custom OT Lines Defensemen
Travis Hamonic, Tyler Cuma, Alex Goligoski, Tony DeAngelo, Ben Harpur
Scratches
Oliver Ekman-Larsson (Sprained Left Ankle Injury), Tyler Kennedy (Healthy)
Flames
5 vs 5 Forward
Center Left Wing Right Wing Time % Phy DF OF
1 Eric Staal Brad Marchand Bryan Rust 40 1 2 2
2 Patrik Berglund Tanner Pearson Jimmy Hayes 30 1 2 2
3 Victor Rask Jake DeBrusk Kevin Labanc 20 1 2 2
4 Anders Lee David Ullstrom Kyle Palmieri 10 1 2 2
5 vs 5 Defense
Defense Defense Time % Phy DF OF
1 Erik Johnson Sami Vatanen 40 1 2 2
2 Esa Lindell Christian Folin 30 1 2 2
3 Colby Robak Rasmus Andersson 20 1 2 2
4 Erik Johnson Sami Vatanen 10 1 2 2
PowerPlay Forward
Center Left Wing Right Wing Time % Phy DF OF
1 Eric Staal Jake DeBrusk Jimmy Hayes 60 1 1 3
2 Patrik Berglund Tanner Pearson Kevin Labanc 40 1 1 3
PowerPlay Defense
Defense Defense Time % Phy DF OF
1 Erik Johnson Sami Vatanen 60 1 1 3
2 Esa Lindell Christian Folin 40 1 1 3
Penalty Kill 4 Players Forward
Center Wing Time % Phy DF OF
1 Patrik Berglund Brad Marchand 60 1 3 1
2 Eric Staal Bryan Rust 40 1 3 1
Penalty Kill 4 Players Defense
Defense Defense Time % Phy DF OF
1 Erik Johnson Christian Folin 60 1 3 1
2 Colby Robak Rasmus Andersson 40 1 3 1
Penalty Kill - 3 Players Forward
Forward Time % Phy DF OF
1 Eric Staal 60 1 3 1
2 Patrik Berglund 40 1 3 1
Penalty Kill - 3 Players Defense
Defense Defense Time % Phy DF OF
1 Erik Johnson Christian Folin 60 1 3 1
2 Colby Robak Rasmus Andersson 40 1 3 1
4 vs 4 Forward
Center Wing Time % Phy DF OF
1 Eric Staal Brad Marchand 60 1 2 2
2 Patrik Berglund Bryan Rust 40 1 2 2
4 vs 4 Defense
Defense Defense Time % Phy DF OF
1 Erik Johnson Sami Vatanen 60 1 2 2
2 Esa Lindell Christian Folin 40 1 2 2
Last Minutes Offensive
Center Left Wing Right Wing Defense Defense
Eric Staal Brad Marchand Bryan Rust Erik Johnson Sami Vatanen
Last Minutes Defensive
Center Left Wing Right Wing Defense Defense
Eric Staal Brad Marchand Bryan Rust Erik Johnson Sami Vatanen
Goaltenders
Starting : Christopher Gibson
Backup : Michael Hutchinson
Extra Forwards
Normal : Bryan Rust, Jake DeBrusk, Patrik Berglund - PP : Tanner Pearson, Brad Marchand - PK : Bryan Rust
Extra Defensemen
Normal : Esa Lindell, Christian Folin, Colby Robak - PP : Esa Lindell - PK : Sami Vatanen, Colby Robak
Penalty Shots
Eric Staal, Jake DeBrusk, Jimmy Hayes, Tanner Pearson, Kevin Labanc
Custom OT Lines Forwards
Eric Staal, Jake DeBrusk, Patrik Berglund, Bryan Rust, Jimmy Hayes, Brad Marchand, Tanner Pearson, Victor Rask, Kevin Labanc, Kyle Palmieri
Custom OT Lines Defensemen
Erik Johnson, Sami Vatanen, Christian Folin, Esa Lindell, Colby Robak
Scratches
Evgeny Svechnikov (Healthy), Matthew Nieto (Healthy)
% Time on Ice - Canucks
Lines # - Real PCT - Wanted PCT - Time Play
Normal Forward
1 - 30% - 40% - 14:26
2 - 33% - 30% - 15:41
3 - 23% - 20% - 11:07
4 - 14% - 10% - 6:52
Normal Defense
1 - 36% - 40% - 17:08
2 - 39% - 30% - 18:44
3 - 23% - 20% - 11:13
4 - 2% - 10% - 1:01
PP Forward
1 - 62% - 60% - 6:10
2 - 38% - 40% - 3:45
PP Defense
1 - 67% - 60% - 6:39
2 - 33% - 40% - 3:16
PK Forward
1 - 77% - 60% - 1:32
2 - 23% - 40% - 0:27
PK Defense
1 - 55% - 60% - 1:05
2 - 45% - 40% - 0:54
PK3 Forward
1 - 0% - 60%
2 - 0% - 40%
PK3 Defense
1 - 0% - 60%
2 - 0% - 40%
44 Forward
1 - 0% - 60%
2 - 0% - 40%
44 Defense
1 - 0% - 60%
2 - 0% - 40%
Last Minute Offensive - 0:00
Last Minute Defensive - 0:00
Total
Forward - 60:00
Defense - 60:00
|
% Time on Ice - Flames
Lines # - Real PCT - Wanted PCT - Time Play
Normal Forward
1 - 31% - 40% - 15:06
2 - 26% - 30% - 12:33
3 - 24% - 20% - 11:21
4 - 19% - 10% - 9:06
Normal Defense
1 - 37% - 40% - 17:58
2 - 36% - 30% - 17:06
3 - 24% - 20% - 11:32
4 - 3% - 10% - 1:30
PP Forward
1 - 55% - 60% - 1:05
2 - 45% - 40% - 0:54
PP Defense
1 - 62% - 60% - 1:14
2 - 38% - 40% - 0:45
PK Forward
1 - 73% - 60% - 7:14
2 - 27% - 40% - 2:41
PK Defense
1 - 55% - 60% - 5:26
2 - 45% - 40% - 4:29
PK3 Forward
1 - 0% - 60%
2 - 0% - 40%
PK3 Defense
1 - 0% - 60%
2 - 0% - 40%
44 Forward
1 - 0% - 60%
2 - 0% - 40%
44 Defense
1 - 0% - 60%
2 - 0% - 40%
Last Minute Offensive - 0:00
Last Minute Defensive - 0:00
Total
Forward - 60:00
Defense - 60:00
|
Play-by-Play
1st period
0:01 of 1st period - Eric Staal wins face-off versus Yanni Gourde in neutral zone.
0:32 of 1st period - Wrist shot by Brock Boeser.
0:32 of 1st period - Deflect By Matt Martin.
0:32 of 1st period - Stopped by Christopher Gibson without a rebound.
0:33 of 1st period - Chris Tierney wins face-off versus Victor Rask in Flames zone.
0:43 of 1st period - Minor Penalty to Victor Rask for Hooking.
0:44 of 1st period - Yanni Gourde wins face-off versus Patrik Berglund in Flames zone.
0:46 of 1st period - Snap shot by Yanni Gourde.
0:46 of 1st period - Shot Misses the Net.
0:54 of 1st period - Wrist shot by J.T. Miller.
0:54 of 1st period - Shot Misses the Net.
0:56 of 1st period - Slapshot by J.T. Miller.
0:56 of 1st period - Stopped by Christopher Gibson without a rebound.
0:57 of 1st period - Chris Tierney wins face-off versus Eric Staal in Flames zone.
1:00 of 1st period - Snap shot by Matt Martin.
1:00 of 1st period - Stopped by Christopher Gibson without a rebound.
1:01 of 1st period - Chris Tierney wins face-off versus Eric Staal in Flames zone.
1:51 of 1st period - Icing by Brock Boeser.
1:52 of 1st period - Chris Tierney wins face-off versus Brad Marchand in Canucks zone.
1:52 of 1st period - Chris Tierney is hit by Christian Folin.
2:43 of 1st period - Penalty to Victor Rask is over, Victor Rask is back on ice.
3:05 of 1st period - Wrist shot by Patrik Berglund.
3:05 of 1st period - Shot Blocked by Tony DeAngelo.
3:07 of 1st period - Snap shot by Patrik Berglund.
3:07 of 1st period - Shot Misses the Net.
3:09 of 1st period - Slapshot by Rasmus Andersson.
3:09 of 1st period - Stopped by Petr Mrazek without a rebound.
3:10 of 1st period - Chris Tierney wins face-off versus Anders Lee in Canucks zone.
3:37 of 1st period - Kevin Labanc is hit by Jordan Eberle.
4:13 of 1st period - Backhand shot by Daniel Zaar.
4:13 of 1st period - Stopped by Christopher Gibson with a rebound.
4:46 of 1st period - Slapshot by Esa Lindell.
4:46 of 1st period - Deflect By David Ullstrom.
4:46 of 1st period - Shot Misses the Net.
4:46 of 1st period - Puck is out of play.
4:47 of 1st period - J.T. Miller wins face-off versus Anders Lee in Canucks zone.
4:47 of 1st period - J.T. Miller is hit by David Ullstrom.
5:09 of 1st period - Icing by Anders Lee.
5:10 of 1st period - Chris Tierney wins face-off versus Anders Lee in Flames zone.
5:31 of 1st period - Slapshot by Christian Folin.
5:31 of 1st period - Stopped by Petr Mrazek with a rebound.
6:27 of 1st period - Wrist shot by Anders Lee.
6:27 of 1st period - Shot Misses the Net.
6:53 of 1st period - Backhand shot by Jason Spezza.
6:53 of 1st period - Shot Misses the Net.
7:49 of 1st period - Snap shot by Kyle Palmieri.
7:49 of 1st period - Shot Blocked by Ben Harpur.
7:51 of 1st period - Snap shot by David Ullstrom.
7:51 of 1st period - Shot Misses the Net.
7:53 of 1st period - Wrist shot by Anders Lee.
7:53 of 1st period - Stopped by Petr Mrazek with a rebound.
7:55 of 1st period - Snap shot by Esa Lindell.
7:55 of 1st period - Deflect By Jason Spezza.
7:55 of 1st period - Stopped by Petr Mrazek without a rebound.
7:56 of 1st period - Yanni Gourde wins face-off versus Eric Staal in Canucks zone.
8:23 of 1st period - Matt Martin is hit by Jimmy Hayes and loses puck.
9:12 of 1st period - Colby Robak is hit by Jordan Eberle and loses puck.
9:29 of 1st period - Snap shot by Brad Marchand.
9:29 of 1st period - Shot Hit the Post.
9:31 of 1st period - Slapshot by Colby Robak.
9:31 of 1st period - Stopped by Petr Mrazek without a rebound.
9:32 of 1st period - Patrik Berglund wins face-off versus Gilbert Brule in Canucks zone.
9:48 of 1st period - Wrist shot by Denis Gurianov.
9:48 of 1st period - Stopped by Christopher Gibson without a rebound.
9:49 of 1st period - Yanni Gourde wins face-off versus Victor Rask in Flames zone.
10:36 of 1st period - Minor Penalty to Brad Marchand for Holding.
10:37 of 1st period - Yanni Gourde wins face-off versus Patrik Berglund in Flames zone.
11:34 of 1st period - Icing by J.T. Miller.
11:35 of 1st period - Chris Tierney wins face-off versus Patrik Berglund in Canucks zone.
12:23 of 1st period - Bryan Rust is hit by Matt Martin and loses puck.
12:36 of 1st period - Penalty to Brad Marchand is over, Brad Marchand is back on ice.
12:40 of 1st period - Erik Johnson is hit by Alex Goligoski and loses puck.
12:51 of 1st period - Wrist shot by Kevin Labanc.
12:51 of 1st period - Shot Misses the Net.
12:53 of 1st period - Slapshot by Christian Folin.
12:53 of 1st period - Shot Misses the Net.
12:55 of 1st period - Backhand shot by Jake DeBrusk.
12:55 of 1st period - Stopped by Petr Mrazek with a rebound.
12:57 of 1st period - Snap shot by Victor Rask.
12:57 of 1st period - Stopped by Petr Mrazek with a rebound.
13:33 of 1st period - Matt Martin is hit by Colby Robak and loses puck.
14:16 of 1st period - Slapshot by Jake DeBrusk.
14:16 of 1st period - Shot Misses the Net.
14:18 of 1st period - Wrist shot by Kevin Labanc.
14:18 of 1st period - Stopped by Petr Mrazek with a rebound.
15:07 of 1st period - Slapshot by Daniel Zaar.
15:07 of 1st period - Stopped by Christopher Gibson without a rebound.
15:08 of 1st period - Chris Tierney wins face-off versus Patrik Berglund in Flames zone.
15:35 of 1st period - Snap shot by Eric Staal.
15:35 of 1st period - Shot Misses the Net.
15:37 of 1st period - Backhand shot by Bryan Rust.
15:37 of 1st period - Shot Misses the Net.
15:56 of 1st period - Snap shot by Denis Gurianov.
15:56 of 1st period - Stopped by Christopher Gibson without a rebound.
15:57 of 1st period - Eric Staal wins face-off versus J.T. Miller in Flames zone.
16:14 of 1st period - Slapshot by J.T. Miller.
16:14 of 1st period - Shot Misses the Net.
16:46 of 1st period - Snap shot by Eric Staal.
16:46 of 1st period - Stopped by Petr Mrazek with a rebound.
16:58 of 1st period - Colby Robak is hit by Mark Jankowski and loses puck.
17:15 of 1st period - Snap shot by Bryan Rust.
17:15 of 1st period - Shot Misses the Net.
17:23 of 1st period - Wrist shot by Mark Jankowski.
17:23 of 1st period - Shot Misses the Net.
17:25 of 1st period - Snap shot by Robert Nilsson.
17:25 of 1st period - Stopped by Christopher Gibson with a rebound.
17:30 of 1st period - Icing by Rasmus Andersson.
17:31 of 1st period - Eric Staal wins face-off versus Yanni Gourde in Flames zone.
17:31 of 1st period - Eric Staal is hit by J.T. Miller.
18:13 of 1st period - Sami Vatanen is hit by Chris Tierney and loses puck.
18:25 of 1st period - Alex Goligoski is hit by Erik Johnson and loses puck.
18:28 of 1st period - Wrist shot by Denis Gurianov.
18:28 of 1st period - Shot Misses the Net.
18:30 of 1st period - Slapshot by Tony DeAngelo.
18:30 of 1st period - Shot Hit the Post.
18:32 of 1st period - Slapshot by Denis Gurianov.
18:32 of 1st period - Deflect By Gilbert Brule.
18:32 of 1st period - Stopped by Christopher Gibson with a rebound.
18:34 of 1st period - Slapshot by Alex Goligoski.
18:34 of 1st period - Stopped by Christopher Gibson with a rebound.
19:00 of 1st period - Backhand shot by David Ullstrom.
19:00 of 1st period - Shot Blocked by Travis Hamonic.
19:36 of 1st period - Esa Lindell is hit by Mark Jankowski and loses puck.
Goals for this period are 0 for Canucks vs 0 for Flames.
Shots for this period are 10 for Canucks vs 9 for Flames.
2nd period
0:01 of 2nd period - Patrik Berglund wins face-off versus Yanni Gourde in neutral zone.
0:04 of 2nd period - Slapshot by Jimmy Hayes.
0:04 of 2nd period - Stopped by Petr Mrazek with a rebound.
0:19 of 2nd period - Minor Penalty to Sami Vatanen for Interference.
0:20 of 2nd period - Patrik Berglund wins face-off versus Yanni Gourde in Flames zone.
0:47 of 2nd period - Brock Boeser is hit by Eric Staal and loses puck.
0:54 of 2nd period - Snap shot by Eric Staal.
0:54 of 2nd period - Shot Misses the Net.
2:19 of 2nd period - Penalty to Sami Vatanen is over, Sami Vatanen is back on ice.
2:34 of 2nd period - Icing by Michael Kesselring.
2:35 of 2nd period - Kevin Labanc wins face-off versus Gilbert Brule in Canucks zone.
2:38 of 2nd period - Snap shot by Kevin Labanc.
2:38 of 2nd period - Stopped by Petr Mrazek without a rebound.
2:39 of 2nd period - Daniel Zaar wins face-off versus Victor Rask in Canucks zone.
2:39 of 2nd period - Daniel Zaar is hit by Sami Vatanen.
3:19 of 2nd period - Tony DeAngelo is hit by Erik Johnson and loses puck.
3:32 of 2nd period - Tyler Cuma is hit by Brad Marchand and loses puck.
5:24 of 2nd period - Snap shot by Robert Nilsson.
5:24 of 2nd period - Deflect By Mark Jankowski.
5:24 of 2nd period - Stopped by Christopher Gibson without a rebound.
5:25 of 2nd period - Brad Marchand wins face-off versus Yanni Gourde in Flames zone.
5:35 of 2nd period - Tony DeAngelo is hit by Eric Staal and loses puck.
6:37 of 2nd period - Off-side.
6:38 of 2nd period - Gilbert Brule wins face-off versus Eric Staal in neutral zone.
7:15 of 2nd period - Wrist shot by Jimmy Hayes.
7:15 of 2nd period - Shot Misses the Net.
7:28 of 2nd period - Off-side.
7:29 of 2nd period - Victor Rask wins face-off versus Chris Tierney in neutral zone.
8:10 of 2nd period - Snap shot by Matt Martin.
8:10 of 2nd period - Stopped by Christopher Gibson without a rebound.
8:11 of 2nd period - Eric Staal wins face-off versus Yanni Gourde in Flames zone.
8:11 of 2nd period - Eric Staal is hit by Jordan Eberle.
8:20 of 2nd period - Minor Penalty to Yanni Gourde for Tripping.
8:21 of 2nd period - J.T. Miller wins face-off versus Eric Staal in Canucks zone.
8:37 of 2nd period - Wrist shot by Eric Staal.
8:37 of 2nd period - Shot Misses the Net.
9:05 of 2nd period - Jason Spezza is hit by Jimmy Hayes and loses puck.
9:25 of 2nd period - Eric Staal is hit by Alex Goligoski and loses puck.
10:20 of 2nd period - Penalty to Yanni Gourde is over, Yanni Gourde is back on ice.
11:23 of 2nd period - Icing by Colby Robak.
11:24 of 2nd period - David Ullstrom wins face-off versus Gilbert Brule in Flames zone.
11:37 of 2nd period - Snap shot by Yanni Gourde.
11:37 of 2nd period - Deflect By Erik Johnson.
11:37 of 2nd period - Stopped by Christopher Gibson with a rebound.
11:39 of 2nd period - Wrist shot by Yanni Gourde.
11:39 of 2nd period - Shot Misses the Net.
11:41 of 2nd period - Slapshot by Travis Hamonic.
11:41 of 2nd period - Stopped by Christopher Gibson with a rebound.
11:43 of 2nd period - Snap shot by Jordan Eberle.
11:43 of 2nd period - Shot Hit the Post.
12:01 of 2nd period - Tony DeAngelo is hit by Brad Marchand and loses puck.
12:34 of 2nd period - Sami Vatanen is hit by Matt Martin and loses puck.
12:51 of 2nd period - Snap shot by Kevin Labanc.
12:51 of 2nd period - Deflect By Jake DeBrusk.
12:51 of 2nd period - Shot Blocked by Brock Boeser.
12:51 of 2nd period - Puck is out of play.
12:52 of 2nd period - Eric Staal wins face-off versus Yanni Gourde in Canucks zone.
13:33 of 2nd period - Snap shot by Daniel Zaar.
13:33 of 2nd period - Shot Misses the Net.
13:50 of 2nd period - Icing by Robert Nilsson.
13:51 of 2nd period - Robert Nilsson wins face-off versus David Ullstrom in Canucks zone.
14:18 of 2nd period - Yanni Gourde is hit by Bryan Rust and loses puck.
14:41 of 2nd period - Snap shot by Patrik Berglund.
14:41 of 2nd period - Deflect By Chris Tierney.
14:41 of 2nd period - Shot Misses the Net.
14:41 of 2nd period - Puck is out of play.
14:42 of 2nd period - Patrik Berglund wins face-off versus Chris Tierney in Canucks zone.
14:45 of 2nd period - Snap shot by Tanner Pearson.
14:45 of 2nd period - Shot Misses the Net.
14:49 of 2nd period - Snap shot by Jimmy Hayes.
14:49 of 2nd period - Stopped by Petr Mrazek without a rebound.
14:50 of 2nd period - Chris Tierney wins face-off versus Eric Staal in Canucks zone.
14:59 of 2nd period - Backhand shot by Eric Staal.
14:59 of 2nd period - Stopped by Petr Mrazek without a rebound.
15:00 of 2nd period - Brad Marchand wins face-off versus Yanni Gourde in Canucks zone.
15:07 of 2nd period - Slapshot by Sami Vatanen.
15:07 of 2nd period - Stopped by Petr Mrazek with a rebound.
15:15 of 2nd period - Snap shot by Yanni Gourde.
15:15 of 2nd period - Shot Misses the Net.
15:17 of 2nd period - Snap shot by Jordan Eberle.
15:17 of 2nd period - Goal by Jordan Eberle - Canucks : 1 - Flames : 0.
15:18 of 2nd period - Yanni Gourde wins face-off versus Eric Staal in neutral zone.
15:53 of 2nd period - Tyler Cuma is hit by Patrik Berglund and loses puck.
16:14 of 2nd period - Snap shot by Jason Spezza.
16:14 of 2nd period - Stopped by Christopher Gibson without a rebound.
16:15 of 2nd period - Robert Nilsson wins face-off versus Victor Rask in Flames zone.
16:32 of 2nd period - Wrist shot by Kevin Labanc.
16:32 of 2nd period - Stopped by Petr Mrazek without a rebound.
16:33 of 2nd period - Yanni Gourde wins face-off versus Eric Staal in Canucks zone.
16:33 of 2nd period - Yanni Gourde is hit by Eric Staal.
17:00 of 2nd period - Brad Marchand is hit by Robert Nilsson and loses puck.
17:44 of 2nd period - Icing by Patrik Berglund.
17:45 of 2nd period - Patrik Berglund wins face-off versus Yanni Gourde in Flames zone.
17:45 of 2nd period - Patrik Berglund is hit by J.T. Miller.
17:57 of 2nd period - Slapshot by Christian Folin.
17:57 of 2nd period - Shot Blocked by Yanni Gourde.
17:59 of 2nd period - Slapshot by Christian Folin.
17:59 of 2nd period - Stopped by Petr Mrazek with a rebound.
18:01 of 2nd period - Snap shot by Kevin Labanc.
18:01 of 2nd period - Shot Misses the Net.
18:03 of 2nd period - Snap shot by Esa Lindell.
18:03 of 2nd period - Deflect By Victor Rask.
18:03 of 2nd period - Shot Blocked by Ben Harpur.
18:03 of 2nd period - Puck is out of play.
18:04 of 2nd period - Chris Tierney wins face-off versus Patrik Berglund in Canucks zone.
18:15 of 2nd period - Sami Vatanen is hit by Matt Martin and loses puck.
18:35 of 2nd period - Snap shot by Yanni Gourde.
18:35 of 2nd period - Stopped by Christopher Gibson with a rebound.
18:37 of 2nd period - Snap shot by Jordan Eberle.
18:37 of 2nd period - Deflect By J.T. Miller.
18:37 of 2nd period - Shot Misses the Net.
18:37 of 2nd period - Puck is out of play.
18:38 of 2nd period - Yanni Gourde wins face-off versus Eric Staal in Flames zone.
18:45 of 2nd period - Wrist shot by Yanni Gourde.
18:45 of 2nd period - Shot Blocked by Brad Marchand.
19:24 of 2nd period - Icing by Chris Tierney.
19:25 of 2nd period - Robert Nilsson wins face-off versus Victor Rask in Canucks zone.
19:25 of 2nd period - Robert Nilsson is hit by Sami Vatanen.
19:37 of 2nd period - Icing by Erik Johnson.
19:38 of 2nd period - Victor Rask wins face-off versus Yanni Gourde in Flames zone.
Goals for this period are 1 for Canucks vs 0 for Flames.
Shots for this period are 7 for Canucks vs 7 for Flames.
3rd period
0:01 of 3rd period - Yanni Gourde wins face-off versus Eric Staal in neutral zone.
0:33 of 3rd period - Slapshot by Christian Folin.
0:33 of 3rd period - Shot Blocked by Travis Hamonic.
0:46 of 3rd period - Off-side.
0:47 of 3rd period - Robert Nilsson wins face-off versus Kevin Labanc in neutral zone.
1:19 of 3rd period - Erik Johnson is hit by Alex Goligoski and loses puck.
1:36 of 3rd period - Wrist shot by Brock Boeser.
1:36 of 3rd period - Stopped by Christopher Gibson with a rebound.
1:42 of 3rd period - Sami Vatanen is hit by Tyler Cuma and loses puck.
1:57 of 3rd period - Erik Johnson is hit by Daniel Zaar and loses puck.
2:06 of 3rd period - Slapshot by Esa Lindell.
2:06 of 3rd period - Shot Blocked by Tyler Cuma.
2:08 of 3rd period - Wrist shot by David Ullstrom.
2:08 of 3rd period - Shot Misses the Net.
2:10 of 3rd period - Slapshot by Esa Lindell.
2:10 of 3rd period - Stopped by Petr Mrazek with a rebound.
2:42 of 3rd period - Snap shot by Eric Staal.
2:42 of 3rd period - Shot Misses the Net.
3:35 of 3rd period - Rasmus Andersson is hit by Yanni Gourde and loses puck.
4:12 of 3rd period - Erik Johnson is hit by Mark Jankowski and loses puck.
5:01 of 3rd period - Snap shot by Kyle Palmieri.
5:01 of 3rd period - Stopped by Petr Mrazek with a rebound.
5:03 of 3rd period - Slapshot by Kyle Palmieri.
5:03 of 3rd period - Stopped by Petr Mrazek without a rebound.
5:04 of 3rd period - Yanni Gourde wins face-off versus Anders Lee in Canucks zone.
5:04 of 3rd period - Yanni Gourde is hit by Anders Lee.
5:12 of 3rd period - Snap shot by Tony DeAngelo.
5:12 of 3rd period - Deflect By Yanni Gourde.
5:12 of 3rd period - Goal by Yanni Gourde - Canucks : 2 - Flames : 0.
5:13 of 3rd period - Eric Staal wins face-off versus Yanni Gourde in neutral zone.
5:16 of 3rd period - Slapshot by Sami Vatanen.
5:16 of 3rd period - Stopped by Petr Mrazek with a rebound.
6:32 of 3rd period - Slapshot by Denis Gurianov.
6:32 of 3rd period - Stopped by Christopher Gibson with a rebound.
7:12 of 3rd period - Snap shot by Bryan Rust.
7:12 of 3rd period - Stopped by Petr Mrazek without a rebound.
7:13 of 3rd period - Jimmy Hayes wins face-off versus Chris Tierney in Canucks zone.
7:26 of 3rd period - Wrist shot by Matt Martin.
7:26 of 3rd period - Shot Misses the Net.
7:28 of 3rd period - Snap shot by Chris Tierney.
7:28 of 3rd period - Stopped by Christopher Gibson with a rebound.
7:30 of 3rd period - Slapshot by Chris Tierney.
7:30 of 3rd period - Shot Misses the Net.
7:36 of 3rd period - Minor Penalty to Jimmy Hayes for Slashing.
7:37 of 3rd period - Patrik Berglund wins face-off versus Yanni Gourde in Flames zone.
8:09 of 3rd period - Erik Johnson is hit by Chris Tierney and loses puck.
9:02 of 3rd period - Rasmus Andersson is hit by Travis Hamonic and loses puck.
9:13 of 3rd period - Tyler Cuma is hit by Rasmus Andersson and loses puck.
9:36 of 3rd period - Penalty to Jimmy Hayes is over, Jimmy Hayes is back on ice.
10:00 of 3rd period - Minor Penalty to Erik Johnson for Cross-checking.
10:01 of 3rd period - Jordan Eberle wins face-off versus Patrik Berglund in Flames zone.
10:06 of 3rd period - Wrist shot by Yanni Gourde.
10:06 of 3rd period - Shot Misses the Net.
10:08 of 3rd period - Snap shot by Travis Hamonic.
10:08 of 3rd period - Shot Misses the Net.
10:10 of 3rd period - Snap shot by J.T. Miller.
10:10 of 3rd period - Stopped by Christopher Gibson without a rebound.
10:11 of 3rd period - Yanni Gourde wins face-off versus Patrik Berglund in Flames zone.
10:20 of 3rd period - Wrist shot by Yanni Gourde.
10:20 of 3rd period - Stopped by Christopher Gibson with a rebound.
10:22 of 3rd period - Wrist shot by Jordan Eberle.
10:22 of 3rd period - Shot Blocked by Rasmus Andersson.
10:24 of 3rd period - Snap shot by Jordan Eberle.
10:24 of 3rd period - Shot Blocked by Brad Marchand.
10:26 of 3rd period - Snap shot by Jordan Eberle.
10:26 of 3rd period - Shot Misses the Net.
11:02 of 3rd period - Brad Marchand is hit by J.T. Miller and loses puck.
12:00 of 3rd period - Penalty to Erik Johnson is over, Erik Johnson is back on ice.
12:15 of 3rd period - Slapshot by J.T. Miller.
12:15 of 3rd period - Shot Misses the Net.
12:17 of 3rd period - Wrist shot by Jordan Eberle.
12:17 of 3rd period - Shot Blocked by Eric Staal.
12:19 of 3rd period - Backhand shot by Tyler Cuma.
12:19 of 3rd period - Shot Blocked by Bryan Rust.
12:21 of 3rd period - Snap shot by J.T. Miller.
12:21 of 3rd period - Stopped by Christopher Gibson without a rebound.
12:22 of 3rd period - Victor Rask wins face-off versus Matt Martin in Flames zone.
12:41 of 3rd period - Matt Martin is hit by Kevin Labanc and loses puck.
13:39 of 3rd period - Slapshot by Matt Martin.
13:39 of 3rd period - Shot Misses the Net.
13:56 of 3rd period - Rasmus Andersson is hit by Mark Jankowski.
14:00 of 3rd period - Rasmus Andersson is hit by Ben Harpur and loses puck.
14:13 of 3rd period - Christian Folin is hit by Denis Gurianov and loses puck.
15:06 of 3rd period - Alex Goligoski is hit by Jimmy Hayes.
16:04 of 3rd period - Denis Gurianov is hit by Patrik Berglund and loses puck.
16:23 of 3rd period - Tony DeAngelo is hit by Brad Marchand and loses puck.
18:25 of 3rd period - Ben Harpur is hit by Brad Marchand and loses puck.
18:42 of 3rd period - Wrist shot by Eric Staal.
18:42 of 3rd period - Deflect By Ben Harpur.
18:42 of 3rd period - Shot Misses the Net.
18:42 of 3rd period - Puck is out of play.
18:43 of 3rd period - Robert Nilsson wins face-off versus Patrik Berglund in Canucks zone.
18:53 of 3rd period - Travis Hamonic is hit by Jimmy Hayes.
19:05 of 3rd period - Snap shot by Yanni Gourde.
19:05 of 3rd period - Stopped by Christopher Gibson without a rebound.
19:06 of 3rd period - Yanni Gourde wins face-off versus Victor Rask in Flames zone.
19:15 of 3rd period - Victor Rask is hit by Yanni Gourde and loses puck.
Goals for this period are 1 for Canucks vs 0 for Flames.
Shots for this period are 8 for Canucks vs 5 for Flames.
Output by the SimonT Hockey Simulator (STHS) for Francois Prevost